 Dungeon Crawl Stone Soup version 0.30.0-19-g36f170ea60 (webtiles) character file.

Game seed: 1850865209104020672

2977 Irreverend the Grappler (level 9, 0/81 (89) HPs)
             Began as a Troll Fighter on May 27, 2023.
             Was an Initiate of Wu Jian.
             Slain by a wight
             ... wielding a +1 scimitar
              (16 damage)
             ... on level 7 of the Dungeon.
             The game lasted 00:07:39 (4017 turns).

Irreverend the Grappler (Troll Fighter)             Turns: 4017, Time: 00:07:39

HP:   0/81 (89)     AC:  4    Str: 26    XL:     9   Next: 53%
MP:   8/8           EV:  9    Int:  8    God:    Wu Jian [......]
Gold: 301           SH:  9    Dex:  9    Spells: 8/8 levels left

rFire   . .          .
                       - Unarmed
rCold   . . .        b - +0 kite shield
rNeg    . . .        a - +0 robe
rPois   +            (helmet restricted)
rElec   .            (no cloak)
rCorr   .            (gloves unavailable)
SInv    .            (boots unavailable)
Will    .....        (no amulet)
Stlth   +            e - ring of poison resistance
HPRegen 1.13/turn    (no ring)
MPRegen 0.11/turn

%: no passive effects
@: drained
A: large, unfitting armour, claws 3, regeneration 1, shaggy fur 1, tough skin 1
a: Renounce Religion


You were on level 7 of the Dungeon.
You worshipped Wu Jian.
Wu Jian was noncommittal.
You visited 2 branches of the dungeon, and saw 8 of its levels.

You collected 301 gold pieces.

Inventory:

Armour
 a - a +0 robe (worn)
 b - a +0 kite shield (worn)
Jewellery
 e - a ring of poison resistance (left claw)
 r - a ring of wizardry
 w - a ring of fire
 y - a ring of willpower
Wands
 c - a wand of flame (24)
 v - a wand of roots (10)
 z - a wand of charming (9)
 B - a wand of polymorph (13)
Scrolls
 d - a scroll of amnesia {unknown}
 f - 2 scrolls of noise {unknown}
 g - a scroll of fog {unknown}
 h - a scroll of enchant armour {unknown}
 q - a scroll of magic mapping {unknown}
 s - 2 scrolls of immolation {unknown}
 t - a scroll of blinking {unknown}
 u - a scroll of enchant weapon {unknown}
 x - 2 scrolls of identify {unknown}
 A - a scroll of vulnerability {unknown}
Potions
 i - 2 potions of invisibility {unknown}
 j - a potion of resistance {unknown}
 k - 2 potions of curing {unknown}
 l - a potion of attraction
 m - a potion of haste {unknown}
 n - a potion of lignification {unknown}
 o - 3 potions of mutation {unknown}
 p - a potion of degeneration {unknown}


   Skills:
 + Level 6.0 Fighting
 - Level 2.4 Dodging
 + Level 6.7 Shields
 * Level 9.6 Unarmed Combat


You had 8 spell levels left.
You didn't know any spells.
Your spell library contained the following spells:

 Spells                   Type           Power      Damage    Failure   Level
 Kiss of Death            Conj/Necr      0%         2d5       63%         1
 Confusing Touch          Hex            0%         N/A       94%         3
 Dispel Undead            Necr           0%         3d6       100%        4
 Malign Gateway           Summ/Tloc      0%         N/A       100%        7
 Summon Horrible Things   Summ           0%         N/A       100%        8


Dungeon Overview and Level Annotations

Branches:
Dungeon (7/15)             Temple (1/1) D:6

Altars:
Ashenzari
Cheibriados
Dithmenos
Fedhas
Kikubaaqudgha
Nemelex Xobeh
Okawaru
Trog
Uskayaw
Vehumet
Wu Jian
Yredelemnul
Zin
The Shining One

Shops:
D:2 **   D:3 =   D:5 *

Annotations:
D:6 3 runed translucent doors, RascalDebosk's ghost, novice DjSu


Innate Abilities, Weirdness & Mutations

You are too large for most types of armour.
You have claws for hands.
Your natural rate of healing is unusually fast.
You are covered in fur. (AC +1)
You have tough skin. (AC +1)


Message History

You feel drained.
You mangle the wight!!
You destroy the wight!
The Council accepts your kill.
The wight hits you from afar with a +4 trident!
You feel drained.
You are too injured to fight recklessly!
You are too injured to fight recklessly!
You are too injured to fight recklessly!
You are too injured to fight recklessly!
You are too injured to fight recklessly!
You are too injured to fight recklessly!
You are too injured to fight recklessly!
You are too injured to fight recklessly!
You are too injured to fight recklessly!
You are too injured to fight recklessly!
You are too injured to fight recklessly!
You are too injured to fight recklessly!
You are too injured to fight recklessly!
You are too injured to fight recklessly!
You are too injured to fight recklessly!
You are too injured to fight recklessly!
You are too injured to fight recklessly!
You are too injured to fight recklessly!
The wight attacks as you move away! The wight hits you with a +1 scimitar!
* * * LOW HITPOINT WARNING * * *
You closely miss the wight. You block the wight's attack.
You barely miss the wight. You closely miss the wight.
You block the wight's attack.
You lunge at the wight.
You scratch the wight.
The wight is lightly damaged.
You block the wight's attack. x2
Things that are here:
a +0 dire flail; a +0 robe You barely miss the wight.
The wight is lightly damaged.
The wight hits you with a +4 trident!
* * * LOW HITPOINT WARNING * * *
The wight hits you with a +1 scimitar!
You die...

.#.### .....
.... ...#
##...# #....##
#z#... #@#)#
#.z.#
###########.###
#<..........#
#.###########
#.# #.# #.# #.#


You could see 2 wights.

Vanquished Creatures
  Pikel (D:5)
  Sigmund (D:2)
  Eustachio (D:4)
  2 water moccasins
  An orc warrior (D:6)
  A black bear (D:5)
  An ice beast (D:6)
  An ogre (D:6)
  A kobold brigand (D:6)
  3 phantoms
  3 scorpions
  3 wights (D:7)
  4 killer bees (D:5)
  3 jellies
  2 orc priests (D:6)
  A gnoll bouda (D:6)
  7 hounds
  3 iguanas (D:4)
  6 orc wizards
  Ijyb (D:4)
  Robin (D:2)
  3 gnolls (D:6)
  10 adders
  3 worms
  8 orcs
  11 ball pythons
  8 endoplasms
  5 giant cockroaches
  18 goblins
  8 hobgoblins
  7 quokkas
  6 bats
  A frilled lizard (D:2)
  13 kobolds
  8 rats
156 creatures vanquished.

Notes
Turn   | Place    | Note
-------+----------+-------------------------------------------
     0 | D:1      | Irreverend the Troll Fighter began the quest for the Orb.
     0 | D:1      | Reached XP level 1. HP: 22/22 MP: 0/0
   199 | D:1      | Reached XP level 2. HP: 27/29 MP: 1/1
   783 | D:2      | Reached XP level 3. HP: 36/36 MP: 2/2
   812 | D:2      | Found a bloodstained altar of Trog.
   823 | D:2      | Reached skill level 3 in Unarmed Combat
   870 | D:2      | Noticed Robin
   885 | D:2      | Found Ikymneuz's General Store.
   908 | D:2      | Killed Robin
   909 | D:2      | Reached XP level 4. HP: 29/44 MP: 3/3
   982 | D:2      | Noticed Sigmund
   991 | D:2      | Killed Sigmund
   992 | D:2      | Reached skill level 4 in Unarmed Combat
   992 | D:2      | Reached XP level 5. HP: 53/53 MP: 4/4
  1108 | D:2      | Found Inamunoe's General Store.
  1284 | D:3      | Reached XP level 6. HP: 55/61 MP: 5/5
  1352 | D:3      | Found Dawkom's Jewellery Shop.
  1488 | D:3      | Found a glowing golden altar of the Shining One.
  1488 | D:3      | Found a glowing silver altar of Zin.
  1624 | D:4      | Noticed Ijyb
  1642 | D:4      | Killed Ijyb
  1741 | D:4      | Reached skill level 5 in Unarmed Combat
  1811 | D:4      | Reached XP level 7. HP: 64/68 MP: 6/6
  2028 | D:4      | Noticed Eustachio
  2039 | D:4      | Killed Eustachio
  2040 | D:4      | Reached skill level 6 in Unarmed Combat
  2120 | D:4      | Found a shadowy altar of Dithmenos.
  2237 | D:5      | Entered Level 5 of the Dungeon
  2408 | D:5      | Noticed Pikel
  2432 | D:5      | Killed Pikel
  2433 | D:5      | Reached skill level 5 in Shields
  2433 | D:5      | Reached skill level 7 in Unarmed Combat
  2433 | D:5      | Reached XP level 8. HP: 11/79 MP: 7/7
  2534 | D:5      | Found Haezxugi's Lightly-Used Armoury.
  2594 | D:5      | Reached skill level 5 in Fighting
  2708 | D:5      | Reached skill level 8 in Unarmed Combat
  3177 | D:6      | Reached XP level 9. HP: 73/88 MP: 8/8
  3246 | D:6      | Found a staircase to the Ecumenical Temple.
  3272 | D:6      | Reached skill level 9 in Unarmed Combat
  3322 | Temple   | Entered the Ecumenical Temple
  3440 | Temple   | Became a worshipper of the Wu Jian Council
  3832 | D:6      | Found a runed translucent gate.
  3833 | D:6      | Found a runed translucent gate.
  3834 | D:6      | Found a runed translucent gate.
  3834 | D:6      | Noticed RascalDebosk's ghost (novice DjSu)
  3951 | D:6      | Identified the +4 dagger of Fioh {heavy, rPois Will+ rCorr}
  4017 | D:7      | Slain by a wight

Illustrated notes

Levels and vault maps discovered:
D:1:      dpeg_arrival_tiny_i, layout_loops_ring
D:2:      layout_rooms, serial_shops, shop, shop, basic_altar, uniq_sigmund,
          uniq_robin
D:3:      layout_rooms, gammafunk_temple_overflow_elements, serial_shops,
          nicolae_shop_advertising_works [nicolae_subvault_shop_adworks]
D:4:      minmay_skewed_foursquare, layout_cave_pools,
          mainiacjoe_overflow_alcove_4, uniq_eustachio, uniq_ijyb
D:5:      layout_gridville, minmay_shop_damaged, uniq_pikel
D:6:      layout_rooms, minmay_temple_entry_large_hall,
          biasface_ghost_orc_armoury, grunt_ministairs_1
D:7:      layout_basic, gammafunk_temple_overflow_statue,
          nicolae_hepliaklqana_monster_ancestors, ebering_ghost_reflecting_pool
Temple:   bh_familiar_temple

Skill      XL: |  1  2  3  4  5  6  7  8  9 |
---------------+----------------------------+-----
Shields        | 3 4 5 6 |  6.7
Unarmed Combat | 3 4 5 7 8 9 |  9.6
Fighting       | 3 4 5 6 |  6.0
Dodging        | |  2.4

Action                     |  1- 3 |  4- 6 |  7- 9 || total
---------------------------+-------+-------+-------++-------
  Melee: Unarmed           |   114 |   130 |   291 ||   535
Ability: Lunge             |       |       |     4 ||     4
    Use: Potion            |       |       |     4 ||     4
   Stab: Sleeping          |     1 |     1 |       ||     2
 Armour: Robe              |    49 |    24 |    65 ||   138
  Dodge: Dodged            |    26 |    40 |   134 ||   200
  Block: Kite shield       |    51 |    55 |   157 ||   263
